 Dungeon Crawl Stone Soup version 0.20.1-1-g8b1a95d (webtiles) character file.

80 HuneSparrow the Skirmisher (level 4, 0/35 HPs)
             Began as a Demonspawn Fighter on July 27, 2017.
             Slain by a jackal (1 damage)
             ... on level 3 of the Dungeon.
             The game lasted 00:02:37 (1506 turns).

HuneSparrow the Skirmisher (Demonspawn Fighter)     Turns: 1506, Time: 00:02:38

Health: 0/35       AC:  7    Str: 17    XL:     4   Next: 18%
Magic:  4/4        EV:  7    Int: 10    God:
Gold:   67         SH:  9    Dex: 12    Spells: 3/3 levels left

rFire    . . .     SeeInvis .   a - +0 long sword
rCold    . . .     Gourm    .   c - +0 shield
rNeg     . . .     Faith    .   b - +0 scale mail
rPois    .         Spirit   .   (no helmet)
rElec    .         Reflect  .   (no cloak)
rCorr    .         Harm     .   g - +0 pair of gloves
MR       .....                  (no boots)
Stlth    ..........             (no amulet)
Regen    0.2/turn               (no ring)
MPRegen  0.1/turn               (no ring)

@: no status effects
A: claws 1, talons 1, powered by pain 1
a: no special abilities


You were on level 3 of the Dungeon.
You were not hungry.

You visited 1 branch of the dungeon, and saw 3 of its levels.

You collected 67 gold pieces.

Inventory:

Hand Weapons
 a - a +0 long sword (weapon)
Armour
 b - a +0 scale mail (worn)
 c - a +0 shield (worn)
 g - a +0 pair of gloves (worn)
Wands
 o - a wand of disintegration (4/24)
Scrolls
 e - a scroll of fog {unknown}
 h - 4 scrolls of identify {unknown}
 j - a scroll of fear {unknown}
 m - a scroll of magic mapping {unknown}
 n - a scroll of recharging {unknown}
 s - a scroll of amnesia {unknown}
Potions
 d - 2 potions of might
 k - a potion of mutation {unknown}
 p - a potion of heal wounds {unknown}
 q - a potion of flight {unknown}
 r - 2 potions of haste {unknown}
Comestibles
 f - 2 bread rations
 i - a chunk of flesh
 l - 4 fruits


   Skills:
 + Level 3.3 Fighting
 * Level 3.0 Long Blades
 + Level 3.0 Armour
 + Level 1.1 Dodging
 + Level 2.9 Shields


You had 3 spell levels left.
You didn't know any spells.

Dungeon Overview and Level Annotations

Branches:
Dungeon (3/15)

Altars:


Innate Abilities, Weirdness & Mutations

You have sharp fingernails.
You have sharp toenails.
You sometimes gain a little power by taking damage.


Message History

You feel sick.
You are no longer poisoned.
A jackal comes into view.
A jackal comes into view.
The jackal bites you but does no damage.
The jackal bites you but does no damage.
The jackal closely misses you. You block the jackal's attack.
The jackal closely misses you.
You riposte.
You closely miss the jackal. You claw the jackal.
You kill the jackal!
The jackal bites you.
* * * LOW HITPOINT WARNING * * *
You block the jackal's attack. You block the jackal's attack.
The jackal bites you but does no damage.
You block the jackal's attack. The jackal closely misses you.
The jackal bites you but does no damage.
The jackal bites you.
You die...

###.............
#.#......##.##
#....#...##
.....##.## #...S
#.# ####
#.####.# #.....#
#.##h####.#
#...@.....#
#......####.#
#.###### #


You could see a jackal.

Vanquished Creatures
  4 adders
  An ooze (D:1)
  A dart slug (D:1)
  3 leopard geckos
  6 bats
  7 goblins
  3 hobgoblins (D:2)
  A jackal (D:3)
  5 kobolds
  2 frilled lizards (D:2)
  3 rats
36 creatures vanquished.

Notes
Turn   | Place    | Note
-------+----------+-------------------------------------------
     0 | D:1      | HuneSparrow the Demonspawn Fighter began the quest for the Orb.
     0 | D:1      | Reached XP level 1. HP: 18/18 MP: 1/1
   207 | D:1      | Gained mutation: You have sharp toenails. [demonic ancestry]
   207 | D:1      | Reached XP level 2. HP: 24/24 MP: 2/2
   782 | D:2      | Gained mutation: You sometimes gain a little power by taking damage. [demonic ancestry]
   782 | D:2      | Reached XP level 3. HP: 29/29 MP: 3/3
  1139 | D:2      | Reached skill level 1 in Dodging
  1284 | D:2      | Gained mutation: You have sharp fingernails. [demonic ancestry]
  1284 | D:2      | Reached XP level 4. HP: 35/35 MP: 4/4
  1501 | D:3      | HP: 1/35 [jackal (3)]
  1506 | D:3      | Slain by a jackal

Skill      XL: |  1  2  3  4 |
---------------+-------------+-----
Long Blades    | 2 3 |  3.0
Armour         | 3 |  3.0
Dodging        | 1 |  1.1
Fighting       | |  3.3
Shields        | |  2.9

Action                   |  1- 3 |  4- 6 || total
-------------------------+-------+-------++-------
Melee: Long sword        |    75 |     4 ||    79
       Kick              |    20 |     2 ||    22
  Eat: Chunk             |     1 |     1 ||     2
Armor: Scale mail        |    33 |    13 ||    46
Dodge: Dodged            |    19 |     9 ||    28
Block: Shield            |    30 |    13 ||    43
       Rpst.: Long sword |     3 |     5 ||     8
